 Dungeon Crawl Stone Soup version 0.27-a0-1312-g5cdb2b3542 (webtiles) character file.

Game seed: 15060487046534747806

709 Gwenloh the Cleaver (level 7, -20/58 HPs)
             Began as a Hill Orc Fighter on June 20, 2021.
             Demolished by an ogre (24 damage)
             ... on level 4 of the Dungeon.
             The game lasted 00:12:49 (4684 turns).

Gwenloh the Cleaver (Hill Orc Fighter)              Turns: 4684, Time: 00:12:49

Health: -20/58     AC:  8    Str: 19    XL:     7   Next: 68%
Magic:  7/7        EV:  7    Int:  8    God:
Gold:   286        SH:  9    Dex: 12    Spells: 6/6 levels left

rFire    . . .     SeeInvis .   a - +0 war axe
rCold    . . .     Faith    .   c - +0 kite shield
rNeg     . . .     Spirit   .   n - +0 scale mail
rPois    .         Reflect  .   (no helmet)
rElec    .         Harm     .   (no cloak)
rCorr    +         Rampage  .   (no gloves)
Will     .....                  y - +0 pair of boots
Stlth    ..........             (no amulet)
HPRegen  0.19/turn              p - ring of resist corrosion
MPRegen  0.10/turn              (no ring)

@: no status effects
A: no striking features
a: no special abilities


You were on level 4 of the Dungeon.
You visited 1 branch of the dungeon, and saw 4 of its levels.

You collected 286 gold pieces.

Inventory:

Hand Weapons
 a - a +0 war axe (weapon)
 b - a +0 hunting sling of freezing
 r - a +0 flail of venom
 u - a +1 whip of freezing
Missiles
 g - 70 sling bullets
 h - 41 stones (quivered)
 o - 30 bolts
 t - a throwing net
 v - 18 poisoned darts
 w - 7 atropa-tipped darts
Armour
 c - a +0 kite shield (worn)
 n - a +0 scale mail (worn)
 y - a +0 pair of boots (worn)
Jewellery
 p - a ring of resist corrosion (left hand)
Scrolls
 i - 4 scrolls of identify {unknown}
 j - a scroll of enchant armour {unknown}
 l - a scroll of acquirement {unknown}
 m - a scroll of enchant weapon {unknown}
 q - 2 scrolls of amnesia {unknown}
Potions
 d - a potion of heal wounds {unknown}
 f - a potion of haste {unknown}
 k - a potion of resistance
 s - a potion of experience {unknown}
 x - a potion of attraction {unknown}


   Skills:
 + Level 3.9 Fighting
 * Level 10.4 Axes
 + Level 3.6 Armour
 + Level 3.6 Shields


You had 6 spell levels left.
You didn't know any spells.
Your spell library was empty.

Dungeon Overview and Level Annotations

Branches:
Dungeon (4/15)
 Temple: D:4-7

Altars:
Fedhas
Gozag
Makhleb
Wu Jian
Xom
The Shining One

Shops:
D:4 *


Message History

Fire: 44 stones
Press: ? - help, Q - select action, (/) - cycle Shift-Dir - straight line, f/p - ogre
Aim: an ogre, wielding a +0 giant club (lightly wounded, 73% to hit)
You shoot a stone. The stone hits the ogre!
The stone freezes the ogre.
The ogre is moderately wounded.
Fire: 43 stones
Press: ? - help, Q - select action, (/) - cycle Shift-Dir - straight line, f/p - ogre
Aim: an ogre, wielding a +0 giant club (moderately wounded, 73% to hit)
You shoot a stone.
The stone hits the ogre but does no damage.
The ogre is moderately wounded.
Fire: 42 stones
Press: ? - help, Q - select action, (/) - cycle Shift-Dir - straight line, f/p - ogre
Aim: an ogre, wielding a +0 giant club (moderately wounded, 72% to hit)
You shoot a stone.
The stone hits the ogre but does no damage.
The ogre is moderately wounded.
You hear a splash.
The ogre hits you with a +0 giant club!!
Okay, then.
Your +0 hunting sling of freezing stops glowing.
a - a +0 war axe (weapon)
You barely miss the ogre.
The ogre is moderately wounded.
The ogre hits you with a +0 giant club!!
* * * LOW HITPOINT WARNING * * *
You closely miss the ogre.
The ogre is moderately wounded.
A worm comes into view.
The ogre hits you with a +0 giant club!
* * * LOW HITPOINT WARNING * * *
You feel better. The ogre hits you with a +0 giant club.
* * * LOW HITPOINT WARNING * * *
You hit the ogre.
The ogre is heavily wounded.
The ogre hits you but does no damage.
Your shield and scale mail prevent you from hitting the ogre.
The ogre is heavily wounded.
The ogre hits you with a +0 giant club!!
You die...

## ≈.≈♣(^## # ..
.^..≈(≈^.#.# .
≈♣≈_.≈..⌠ . §≈.(..≈
# ≈≈(≈♣ # ♣w≈.# .
#⌠# #.#####O#
#......@# #######.#
.# #.# .# # # #.#
.#.# ## #.# .#.#...
#.# .....##
######.#### ##..#
#.........#####...#
#............†..# #


You could see an ogre and a worm.

Vanquished Creatures
  Grinder (D:3)
  A scorpion (D:4)
  A water moccasin skeleton (D:4)
  An orc priest (D:3)
  A gnoll shaman (D:2)
  A hound (D:4)
  An iguana (D:4)
  Jessica (D:3)
  Terence (D:3)
  11 gnolls
  5 adders
  A worm (D:2)
  An adder skeleton (D:4)
  3 dart slugs
  6 orcs
  8 ball pythons
  3 endoplasms (D:1)
  2 giant cockroaches
  6 goblins
  8 hobgoblins
  4 quokkas
  3 bats
  5 frilled lizards
  3 kobolds
  5 rats
83 creatures vanquished.

Vanquished Creatures (others)
  A rat (D:1)
  11 plants (D:1)
  4 toadstools (D:1)
16 creatures vanquished.

Grand Total: 99 creatures vanquished

Notes
Turn   | Place    | Note
-------+----------+-------------------------------------------
     0 | D:1      | Gwenloh the Hill Orc Fighter began the quest for the Orb.
     0 | D:1      | Reached XP level 1. HP: 19/19 MP: 1/1
    41 | D:1      | Reached skill level 3 in Axes
   198 | D:1      | Reached XP level 2. HP: 26/26 MP: 2/2
   296 | D:1      | Reached skill level 4 in Axes
   695 | D:1      | Reached XP level 3. HP: 30/31 MP: 3/3
   876 | D:2      | Found a faded altar of an unknown god.
  1087 | D:2      | Reached skill level 5 in Axes
  1890 | D:2      | Reached skill level 6 in Axes
  1890 | D:2      | Reached XP level 4. HP: 26/39 MP: 4/4
  2065 | D:3      | Noticed Terence
  2076 | D:3      | Killed Terence
  2077 | D:3      | Reached XP level 5. HP: 6/45 MP: 5/5
  2311 | D:3      | Found a burning altar of Makhleb.
  2328 | D:3      | Reached skill level 7 in Axes
  2717 | D:3      | Found a large runed translucent door.
  2717 | D:3      | Found a large runed translucent door.
  2823 | D:3      | Noticed Jessica
  2824 | D:3      | Noticed Grinder
  2840 | D:3      | Killed Jessica
  2858 | D:3      | Killed Grinder
  2859 | D:3      | Reached skill level 9 in Axes
  2859 | D:3      | Reached XP level 6. HP: 6/51 MP: 6/6
  3084 | D:3      | Reached XP level 7. HP: 46/57 MP: 7/7
  3262 | D:3      | Found a glowing golden altar of the Shining One.
  3641 | D:3      | Found a blossoming altar of Fedhas.
  3652 | D:3      | Found an ornate altar of the Wu Jian Council.
  3695 | D:4      | Found Gozag's Platinum Reserve.
  3704 | D:4      | Found an opulent altar of Gozag.
  3764 | D:4      | Reached skill level 10 in Axes
  4669 | D:4      | Found a shimmering altar of Xom.
  4672 | D:4      | Found a shimmering altar of Xom.
  4672 | D:4      | Found a shimmering altar of Xom.
  4681 | D:4      | HP: 1/58 [ogre (12)]
  4684 | D:4      | Demolished by an ogre

Illustrated notes

Levels and vault maps discovered:
D:1:      kennysheep_arrival_forest, layout_rooms, minmay_gold_behind_fungi,
          minivault_11, serial_bayou_lagoon_a
D:2:      layout_basic, hellmonk_ecumenical_altar_lost_god,
          minmay_strange_pillars, serial_park_tiny_pond
D:3:      layout_rooms, bloody_makhleb, lemuel_coloured_pillars_altar,
          jmf_multi_god_temple2, uniq_jessica, uniq_terence, uniq_grinder
D:4:      layout_rooms, xom_redecorated, nicolae_gozag_zags_fifth_avenue

Skill      XL: |  1  2  3  4  5  6  7 |
---------------+----------------------+-----
Axes           | 3 4 6 9 10 | 10.4
Fighting       | |  3.9
Armour         | |  3.6
Shields        | |  3.6

Action                   |  1- 3 |  4- 6 |  7- 9 || total
-------------------------+-------+-------+-------++-------
Melee: War axe           |    99 |    62 |    84 ||   245
 Fire: Hunting sling     |     3 |    46 |    62 ||   111
Throw: Stone             |    37 |     3 |     1 ||    41
  Use: Potion            |       |     2 |     1 ||     3
Armor: Scale mail        |    39 |    22 |    22 ||    83
Dodge: Dodged            |    28 |    21 |    23 ||    72
Block: Kite shield       |    48 |    27 |    44 ||   119

Table legend: (Time is in decaauts)
 A = Elapsed time spent in this place.
 B = Non-inter-level travel time spent in this place.
 C = Inter-level travel time spent in this place.
 D = Time resting spent in this place.
 E = Time spent auto-exploring this place.
 F = Levels seen in this place.
 G = Mean time per level.
                   A        B        C        D        E       F      G
               +--------+--------+--------+--------+--------+-----+--------+
         Total |   4832 |   4648 |    184 |    178 |   3464 |   4 | 1208.0 |
       Dungeon |   4832 |   4648 |    184 |    178 |   3464 |   4 | 1208.0 |
               +--------+--------+--------+--------+--------+-----+--------+

Top non-repeatable levels by time:
     D:3: 1770 daAuts
     D:2: 1240 daAuts
     D:1: 913 daAuts
     D:4: 907 daAuts
